 Dungeon Sprint DCSS version 0.26-a0-1126-g3318b609a0 (webtiles) character file.

Game seed: 3317069620903493116

14 rocky1 the Chiller (level 2, 0/15 HPs)
             Began as a Deep Elf Ice Elementalist on Dec 18, 2020.
             Was a Follower of Sif Muna.
             Slain by an iguana (4 damage)
             ... in the Dungeon (Sprint VII: "The Pits").
             The game lasted 00:00:57 (194 turns).

rocky1 the Chiller (Deep Elf Ice Elementalist)       Turns: 194, Time: 00:00:59

Health: 0/15       AC:  2    Str:  5    XL:     2   Next: 31%
Magic:  5/8        EV: 13    Int: 19    God:    Sif Muna [*.....]
Gold:   0          SH:  0    Dex: 15    Spells: 6/7 levels left

rFire    . . .     SeeInvis .   l - +2 quarterstaff (spect)
rCold    . . .     Faith    .   (shield currently unavailable)
rNeg     . . .     Spirit   .   a - +0 robe
rPois    .         Reflect  .   (no helmet)
rElec    .         Harm     .   (no cloak)
rCorr    .         Rampage  .   (no gloves)
Will     .....     NoTele   +   (no boots)
Stlth    ++........             (no amulet)
HPRegen  0.05/turn              (no ring)
MPRegen  0.11/turn              (no ring)

@: no status effects
A: no striking features
a: Renounce Religion, Channel Magic


You were in the Dungeon.
You worshipped Sif Muna.
Sif Muna was aware of your devotion.
You visited 1 branch

Inventory:

Hand Weapons
 l - a +2 spectral quarterstaff (weapon)
Armour
 a - a +0 robe (worn)
Scrolls
 h - a scroll of blinking
 i - 3 scrolls of remove curse
 j - 5 scrolls of amnesia
 k - a scroll of summoning
Potions
 b - 2 potions of invisibility
 c - a potion of curing
 d - a potion of heal wounds
 e - a potion of haste
 f - 4 potions of magic
 g - 3 potions of berserk rage


   Skills:
 - Level 2.4 Dodging
 - Level 2.4 Stealth
 - Level 3.0 Spellcasting
 + Level 6.9 Ice Magic


You had 6 spell levels left.
You knew the following spells:

 Your Spells              Type           Power        Failure   Level
a - Freeze                Ice            100%         1%          1

Your spell library contained the following spells:

 Spells                   Type           Power        Failure   Level
 Frozen Ramparts          Ice            58%          2%          3
 Ozocubu's Armour         Ice            29%          2%          3
 Hailstorm                Conj/Ice       16%          36%         4
 Summon Ice Beast         Ice/Summ       16%          36%         4


Dungeon Overview and Level Annotations

Branches:
Dungeon (1/1)

Altars:
Ashenzari
Cheibriados
Dithmenos
Elyvilon
Fedhas
Gozag
Hepliaklqana
Kikubaaqudgha
Makhleb
Nemelex Xobeh
Okawaru
Qazlal
Ru
Sif Muna
Trog
Uskayaw
Vehumet
Wu Jian
Xom
Yredelemnul
Zin
The Shining One
Beogh
Jiyva
Lugonu


Message History

Sif Muna accepts your kill.
Casting: Freeze (safe; 1% risk of failure)
Confirm with . or Enter, or press ? or * to list all spells.
Aiming: Freeze (safe; 1% risk of failure)
Press: ? - help, Shift-Dir - straight line, f - iguana
Aim: an iguana You freeze the iguana.
The iguana is moderately wounded.
The iguana seems to slow down.
The iguana bites you!
Ouch! That really hurt!
* * * LOW HITPOINT WARNING * * *
Casting: Freeze (safe; 1% risk of failure)
Confirm with . or Enter, or press ? or * to list all spells.
Aiming: Freeze (safe; 1% risk of failure)
Press: ? - help, Shift-Dir - straight line, f/p - iguana
Aim: an iguana (moderately wounded, slow)
You freeze the iguana.
The iguana is heavily wounded.
The iguana seems to slow down.
The iguana bites you.
You die...

##########'##...........
#.?(.')))'.##......#..#.
##########.##...........
#..........†'...........
#+#####†#####......#..#.
#..)..##...........
#####(#####'#####++
#.....##.......#
#...@.##.......#
###l####.......# ....
#...<...# .......
#.......#
#.......J##.......#
###########.......#
#########


You could see an iguana (slow).

Vanquished Creatures
  An adder (D)
  A bat (D)
  A giant cockroach (D)
  2 kobolds (D)
  A ball python (D)
6 creatures vanquished.

Notes
Turn   | Place    | Note
-------+----------+-------------------------------------------
     0 | D        | rocky1 the Deep Elf Ice Elementalist began the quest for
                  | the Orb.
     0 | D        | Reached XP level 1. HP: 10/10 MP: 6/6
    44 | D        | Found a bloodstained altar of Trog.
    44 | D        | Found a shimmering blue altar of Sif Muna.
    44 | D        | Found a viscous altar of Jiyva.
    44 | D        | Found a hazy altar of Hepliaklqana.
    44 | D        | Found an opulent altar of Gozag.
    45 | D        | Found a glowing golden altar of the Shining One.
    45 | D        | Found a glowing silver altar of Zin.
    45 | D        | Found a basalt altar of Yredelemnul.
    45 | D        | Found a shimmering altar of Xom.
    45 | D        | Found an ornate altar of the Wu Jian Council.
    45 | D        | Found a sacrificial altar of Ru.
    45 | D        | Found a stormy altar of Qazlal.
    45 | D        | Found an iron altar of Okawaru.
    45 | D        | Found a sparkling altar of Nemelex Xobeh.
    45 | D        | Found a burning altar of Makhleb.
    45 | D        | Found a blossoming altar of Fedhas.
    45 | D        | Found a white marble altar of Elyvilon.
    45 | D        | Found a shadowy altar of Dithmenos.
    45 | D        | Found a snail-covered altar of Cheibriados.
    47 | D        | Found a radiant altar of Vehumet.
    47 | D        | Found a corrupted altar of Lugonu.
    47 | D        | Found a roughly hewn altar of Beogh.
    48 | D        | Found a hide-covered altar of Uskayaw.
    48 | D        | Found an ancient bone altar of Kikubaaqudgha.
    48 | D        | Found a broken altar of Ashenzari.
    50 | D        | Became a worshipper of Sif Muna the Loreminder
    64 | D        | Reached skill level 6 in Ice Magic
    64 | D        | Reached XP level 2. HP: 10/15 MP: 5/8
   166 | D        | Reached * piety under Sif Muna
   194 | D        | Slain by an iguana

Illustrated notes

Levels and vault maps discovered:
D:        pitsprint [storerooms_1, entrance_room_1, metal_vault_4, armoury_1,
          mini_pit_1, grid_room_1, main_hall_1, silver_pit, the_coven_3,
          the_vestibule_1, steel_vault_4, golden_pit, hallway_of_sentries,
          crystal_vault_3, iron_vault_3, final_vault]

Skill      XL: |  1 |
---------------+----+-----
Ice Magic      | 6 |  6.9
Dodging        | |  2.4
Stealth        | |  2.4
Spellcasting   | |  3.0

Action                   || total
-------------------------++-------
 Cast: Freeze            ||     9
Armor: Robe              ||     1
Dodge: Dodged            ||     2

Table legend: (Time is in decaauts)
 A = Elapsed time spent in this place.
 B = Non-inter-level travel time spent in this place.
 C = Inter-level travel time spent in this place.
 D = Time resting spent in this place.
 E = Time spent auto-exploring this place.
 F = Levels seen in this place.
 G = Mean time per level.
                   A        B        C        D        E       F      G
               +--------+--------+--------+--------+--------+-----+--------+
         Total |    193 |    193 |      0 |    104 |      0 |   1 |  193.0 |
       Dungeon |    193 |    193 |      0 |    104 |      0 |   1 |  193.0 |
               +--------+--------+--------+--------+--------+-----+--------+

Top non-repeatable levels by time:
       D: 193 daAuts
